 Dungeon Crawl Stone Soup version 0.32-a0-473-gd044c6f0f0 (webtiles) character file.

Game seed: 11511307133965376436

0 Asceticacid the Ducker (level 1, 0/16 HPs)
             Began as a Coglin Gladiator on Feb 26, 2024.
             Slain by a jackal (2 damage)
             ... on level 1 of the Dungeon.
             The game lasted 00:00:05 (13 turns).

Asceticacid the Ducker (Coglin Gladiator)             Turns: 13, Time: 00:00:05

Health: 0/16       AC:  4    Str: 14    XL:     1   Next: 10%
Magic:  1/1        EV: 12    Int:  7    God:
Gold:   0          SH:  0    Dex: 15    Spells: 0/0 levels left

rFire   . . .        a - +0 flail {Xiang}
rCold   . . .        (no shield)
rNeg    . . .        b - +0 leather armour
rPois   .            c - +0 helmet
rElec   .            (no cloak)
rCorr   .            (no gloves)
SInv    .            (no boots)
Will    .....        (no amulet)
Stlth   +            (ring unavailable)
HPRegen 0.22/turn    (ring unavailable)
MPRegen 0.07/turn

%: no passive effects
@: revved
A: off-hand wielding, slow wielding, warmup strikes, no rings
a: no special abilities


You were on level 1 of the Dungeon.
You visited 1 branch of the dungeon, and saw 1 of its levels.

Inventory:

Hand Weapons
 a - a +0 flail (weapon) {Xiang}
Missiles
 d - 3 throwing nets (quivered)
 e - a javelin
Armour
 b - a +0 leather armour (worn)
 c - a +0 helmet (worn)


   Skills:
 + Level 2.0 Fighting
 + Level 2.7 Maces & Flails
 + Level 1.7 Throwing
 + Level 2.7 Dodging


You couldn't memorise any spells.
You didn't know any spells.
Your spell library was empty.

Dungeon Overview and Level Annotations

Branches:
Dungeon (1/15)

Altars:


Innate Abilities, Weirdness & Mutations

You can wield a second weapon in your off-hand.
It takes a long time for you to wield or remove held weapons.
Your first few attacks do less damage.
Your grasper-arms cannot wear rings.


Message History

The jackal barks!
You hear a shout!
The jackal bites you.
The ball python bites you but does no damage.
The ball python constricts you.
The frilled lizard closely misses you. x2
The jackal bites you but does no damage.
The ball python bites you. The ball python constricts you.
The ball python's grasp on you weakens, but your attempt to escape fails.
The jackal bites you.
The frilled lizard bites you but does no damage.
The frilled lizard bites you. The ball python completely misses you.
The ball python constricts you.
You escape the ball python's grasp.
The jackal barely misses you.
You closely miss the ball python.
The ball python bites you but does no damage.
The ball python grabs you. The ball python constricts you.
The frilled lizard barely misses you.
The jackal bites you but does no damage.
The jackal barely misses you. x2
The ball python bites you but does no damage.
The ball python constricts you.
The frilled lizard bites you but does no damage.
The jackal bites you but does no damage.
You completely miss the ball python. The jackal barely misses you.
The jackal bites you.
The ball python bites you but does no damage.
The ball python constricts you.
The jackal bites you but does no damage. x2
The jackal bites you.
* * * LOW HITPOINT WARNING * * *
The frilled lizard bites you but does no damage.
The ball python barely misses you. The ball python constricts you.
You hit the ball python.
You kill the ball python!
The jackal bites you but does no damage. x2
The jackal bites you.
* * * LOW HITPOINT WARNING * * *
The frilled lizard bites you.
* * * LOW HITPOINT WARNING * * *
The jackal bites you.
You die...

.....$......#
............#
............#
............#
............#
............#
............#
#######ll#####..
.#≈≈≈≈≈.@h.......
.≈≈≈≈≈..hh......#
.≈≈≈≈~.!........#
.≈≈≈~≈..........#
.≈≈..≈.<........#
(≈≈≈............#
.≈≈≈............#
.≈≈≈......$.....#
.#≈≈≈≈≈≈≈#......


You could see 3 jackals and 2 frilled lizards.

Vanquished Creatures
  2 ball pythons (D:1)
2 creatures vanquished.

Notes
Turn   | Place    | Note
-------+----------+-------------------------------------------
     0 | D:1      | Asceticacid the Coglin Gladiator began the quest for the
                  | Orb.
     0 | D:1      | Reached XP level 1. HP: 16/16 MP: 1/1
    13 | D:1      | Slain by a jackal

Illustrated notes

Levels and vault maps discovered:
D:1:      dpeg_arrival_pond, layout_basic, minmay_pentomino_v4

Action                     || total
---------------------------++-------
  Melee: Flail             ||     6
 Armour: Leather armour    ||    27
  Dodge: Dodged            ||     9

Table legend: (Time is in decaauts)
 A = Elapsed time spent in this place.
 B = Non-inter-level travel time spent in this place.
 C = Inter-level travel time spent in this place.
 D = Time resting spent in this place.
 E = Time spent auto-exploring this place.
 F = Levels seen in this place.
 G = Mean time per level.
                   A        B        C        D        E       F      G
               +--------+--------+--------+--------+--------+-----+--------+
         Total |     14 |     14 |      0 |      0 |      1 |   1 |   14.0 |
       Dungeon |     14 |     14 |      0 |      0 |      1 |   1 |   14.0 |
               +--------+--------+--------+--------+--------+-----+--------+

Top non-repeatable levels by time:
     D:1: 14 daAuts
